 Dungeon Sprint DCSS version 0.28.0-45-g0d030f2227 (webtiles) character file.

Game seed: 16972353351230676772

1200000 thiscave3701365 the Sorcerer (level 13, -1/75 HPs)
             Began as a Djinni Fire Elementalist on Apr 19, 2022.
             Was a Believer of Makhleb.
             Slain by a bag of meat
             ... wielding a +9 war axe
              (20 damage)
             ... in the Dungeon (Sprint VIII: "Arena of Blood").
             The game lasted 00:00:21 (12 turns).

thiscave3701365 the Sorcerer (DjFE)                   Turns: 12, Time: 00:00:21

Health: -1/75      AC:  2    Str: 11    XL:     13   Next: 12%
Gold:   0          EV: 19    Int: 17    God:    Makhleb [**....] SH:  0 Dex: 15

rFire   + + .      SeeInvis .   g - +∞ Axe of Woe
rCold   x . .      Faith    .   (shield currently unavailable)
rNeg    . . .      Spirit   .   a - +0 robe
rPois   ∞          Reflect  .   (no helmet)
rElec   .          Harm     .   (no cloak)
rCorr   .          Rampage  .   (no gloves)
Will    +....      NoTele   +   (boots unavailable)
Stlth   ++++......              (no amulet)
HPRegen 0.22/turn               (no ring)
MPRegen 0.00/turn               (no ring)

@: flying
A: sickness immunity, fire resistance 2, cold vulnerability 1, float, innate
caster, HP casting, extra vitality 1
a: Renounce Religion, Minor Destruction


You were in the Dungeon.
You worshipped Makhleb.
Makhleb was pleased with you.
You visited 1 branch

Inventory:

Hand Weapons
 g - the +∞ Axe of Woe (weapon)
   (You found it in the Dungeon)
Armour
 a - a +0 robe (worn)
Scrolls
 f - a scroll of blinking
Potions
 b - a potion of curing
 c - a potion of heal wounds
 d - a potion of haste
 e - a potion of berserk rage


   Skills:
 + Level 1.6 Axes
 + Level 13.4 Dodging
 + Level 10.0 Stealth
 + Level 21.7 Spellcasting


You had 24 spell levels left.
You knew the following spells:

 Your Spells              Type           Power      Damage    Failure   Level
a - Foxfire               Conj/Fire      100%       2x1d9     0%          1
b - Scorch                Fire           100%       2d10      0%          2
c - Conjure Flame         Conj/Fire      75%        6-21      0%          3
d - Inner Flame           Hex/Fire       75%        N/A       0%          3
e - Flame Wave            Conj/Fire      75%        2d13      0%          4
f - Sandblast             Erth           100%       2d20      0%          1
g - Searing Ray           Conj           100%       2d8       0%          2
h - Poisonous Vapours     Pois/Air       100%       N/A       0%          2
i - Teleport Other        Tloc           75%        N/A       0%          3
j - Summon Mana Viper     Hex/Summ       75%        N/A       0%          5
k - Summon Forest         Summ/Tloc      37%        N/A       0%          5
Your spell library was empty.

Dungeon Overview and Level Annotations

Branches:
Dungeon (1/1)

Altars:
Makhleb


Innate Abilities, Weirdness & Mutations

You are immune to sickness and miasma.
You are immune to poison.
Your flesh is very heat resistant. (rF++)
You are vulnerable to cold. (rC-)
You float through the air rather than walking.
You learn spells naturally, not from books.
Your magical power is your life essence.
You have superior vitality. (+4 MHP)


Message History

The bag of meat shouts!
The meat berserker shouts!
You hear a shout! x12
A meat berserker comes into view. It is wielding a +9 battleaxe.
The meat berserker moves out of view.
The bag of meat shouts! x2; You hear a shout!
A bag of meat comes into view. It is wielding a +9 war axe.
The meat berserker rages.
You hear a shout! x2
A bag of meat comes into view. It is wielding a +9 war axe.
You hear a shout! x7; The bag of meat shouts!
A bag of meat comes into view. It is wielding a +9 war axe.
The bag of meat appears out of thin air!
A bag of meat comes into view. It is wielding a +9 war axe.
The bag of meat shouts!
You hear a shout!
The bag of meat shouts!
You hear a shout!
A meat berserker comes into view. It is wielding a +9 battleaxe.
You hear a shout! x3
The meat berserker rages.
You hear a shout! x2
A bag of meat comes into view. It is wielding a +9 war axe.
The bag of meat shouts!
You hit the meat berserker.
You pulverise the meat berserker into a thin bloody mist.
You kill the meat berserker!
Makhleb accepts your kill.
You slash the meat berserker!
You hew the meat berserker savagely.
You kill the meat berserker!
Makhleb accepts your kill.
You slash the bag of meat!
You fatally mangle the bag of meat.
You kill the bag of meat!
Makhleb accepts your kill.
You can now harness Makhleb's destructive might.
You hear a shout! x9
The meat berserker hits you with a +9 battleaxe!!!
Ouch! That really hurt!
* * * LOW HITPOINT WARNING * * *
A bag of meat comes into view. It is wielding a +9 war axe.
You hear a shout! x2
A bag of meat comes into view. It is wielding a +9 war axe.
The bag of meat hits you with a +9 war axe!!
You die...

#........_.o.....
..... #.....# ...
......#_.<._#....
......#.)...#....
#......)._..o....
........###..o...
...###....OO.###.
#...O)..#
#..)@o..#
.......o...O...
.....ooo.......
.....o.........#
........o....##.
...#.o......#..
...o......o#...
##o#o...... ..


You could see 4 meat berserkers and 14 bags of meat.

Vanquished Creatures
  3 ogres (D)
  2 orcs (D)
5 creatures vanquished.

Notes
Turn   | Place    | Note
-------+----------+-------------------------------------------
     0 | D        | Found the +∞ Axe of Woe
     0 | D        | thiscave3701365 the Djinni Fire Elementalist began the
                  | quest for the Orb.
     0 | D        | Reached XP level 1. HP: 15/15 MP: 0/0
     1 | D        | Noticed a meat berserker
     1 | D        | Noticed a bag of meat
     1 | D        | Noticed a bag of meat
     3 | D        | Became a worshipper of Makhleb the Destroyer
     6 | D        | Killed a meat berserker
     6 | D        | Noticed a bag of meat
     6 | D        | Noticed a bag of meat
     6 | D        | Noticed a bag of meat
     7 | D        | Reached skill level 20 in Spellcasting
     7 | D        | Reached XP level 2. HP: 21/21 MP: 0/0
     7 | D        | Reached XP level 3. HP: 25/25 MP: 0/0
     7 | D        | Learned a level 1 spell: Sandblast
     7 | D        | Reached XP level 4. HP: 31/31 MP: 0/0
     7 | D        | Reached XP level 5. HP: 35/35 MP: 0/0
     7 | D        | Learned a level 2 spell: Searing Ray
     7 | D        | Reached XP level 6. HP: 40/40 MP: 0/0
     7 | D        | Reached XP level 7. HP: 45/45 MP: 0/0
     7 | D        | Learned a level 2 spell: Poisonous Vapours
     7 | D        | Reached XP level 8. HP: 50/50 MP: 0/0
     7 | D        | Reached XP level 9. HP: 55/55 MP: 0/0
     7 | D        | Learned a level 3 spell: Teleport Other
     7 | D        | Reached XP level 10. HP: 60/60 MP: 0/0
     7 | D        | Reached XP level 11. HP: 65/65 MP: 0/0
     7 | D        | Learned a level 5 spell: Summon Mana Viper
     7 | D        | Reached XP level 12. HP: 70/70 MP: 0/0
     7 | D        | Killed a bag of meat
     7 | D        | Reached * piety under Makhleb
     7 | D        | Noticed a bag of meat
     7 | D        | Noticed a meat berserker
     7 | D        | Noticed a meat berserker
     8 | D        | Reached skill level 1 in Axes
     8 | D        | Reached skill level 10 in Stealth
     8 | D        | Reached skill level 21 in Spellcasting
     8 | D        | Reached XP level 13. HP: 75/75 MP: 0/0
     8 | D        | Learned a level 5 spell: Summon Forest
     8 | D        | Noticed a bag of meat
     8 | D        | Noticed a bag of meat
     8 | D        | Noticed a bag of meat
     9 | D        | Noticed a meat berserker
     9 | D        | Noticed a bag of meat
     9 | D        | Noticed a meat berserker
     9 | D        | Noticed a meat berserker
    10 | D        | Noticed a bag of meat
    10 | D        | Noticed a bag of meat
    11 | D        | Noticed a bag of meat
    11 | D        | Noticed a bag of meat
    11 | D        | Noticed a meat berserker
    11 | D        | Noticed a bag of meat
    12 | D        | Killed a meat berserker
    12 | D        | Killed a meat berserker
    12 | D        | Killed a bag of meat
    12 | D        | Reached ** piety under Makhleb
    12 | D        | Noticed a bag of meat
    12 | D        | Noticed a bag of meat
    12 | D        | Slain by a bag of meat

Illustrated notes

Levels and vault maps discovered:
D:        meatsprint

Skill      XL: |  1  2  3  4  5  6  7  8  9 10 11 12 |
---------------+-------------------------------------+-----
Dodging        | 12 13 | 13.4
Stealth        | 9 10 | 10.0
Spellcasting   | 20 21 | 21.7
Axes           | 1 |  1.6

Action                   |  1- 3 |  4- 6 |  7- 9 | 10-12 | 13-15 || total
-------------------------+-------+-------+-------+-------+-------++-------
Melee: Executioner's axe |     1 |       |       |     1 |     1 ||     3
